 Dungeon Crawl Stone Soup version 0.28.0-53-g5a82cb258f (webtiles) character file.

Game seed: 2259005688119967345

115121 Infinimo the Bludgeoner (level 16, -11/195 HPs)
             Began as an Ogre Gladiator on May 28, 2022.
             Was the Champion of Okawaru.
             Mangled by a six-headed hydra (15 damage)
             ... on level 14 of the Dungeon.
             The game lasted 00:49:33 (29801 turns).

Infinimo the Bludgeoner (Ogre Gladiator)           Turns: 29801, Time: 00:49:33

Health: -11/195    AC:  6    Str: 28    XL:     16   Next: 67%
Magic:  18/18      EV: 10    Int:  9    God:    Okawaru [******]
Gold:   275        SH:  0    Dex: 10    Spells: 15/15 levels left

rFire   . . .      SeeInvis .   g - +8 whip "Snakebite" {venom, curare, rPois}
rCold   + . .      Faith    .   (no shield)
rNeg    . . .      Spirit   .   H - +0 troll leather armour
rPois   +          Reflect  .   z - +1 hat "Rebo" {rElec Slay+3 Stlth-}
rElec   +          Harm     .   (no cloak)
rCorr   .          Rampage  +   (gloves unavailable)
Will    +....                   (boots unavailable)
Stlth   ..........              M - amulet "Suresm" {Rampage Regen+}
HPRegen 2.02/turn               s - ring of poison resistance
MPRegen 0.16/turn               q - ring of protection from cold

@: studying Invocations
A: large, unfitting armour, tough skin 1
a: Renounce Religion, Heroism, Finesse, Duel


You were on level 14 of the Dungeon.
You worshipped Okawaru.
Okawaru was exalted by your worship.
You visited 4 branches of the dungeon, and saw 23 of its levels.
You also visited: Ossuary.

You collected 1515 gold pieces.
You spent 1240 gold pieces at shops.

Inventory:

Hand Weapons
 e - a +0 hunting sling
 g - the +8 whip "Snakebite" (weapon) {venom, curare, rPois}
   (You acquired it on level 2 of the Lair of Beasts)

   It poisons the flesh of those it strikes.
   It occasionally inflicts asphyxiating poison on those it strikes, dealing
   poison damage and causing slowness.
   rPois:     It protects you from poison.
 o - a +0 morningstar
 K - a +0 giant spiked club of electrocution
Missiles
 d - 3 throwing nets (quivered)
 i - 115 sling bullets
Armour
 z - the +1 hat "Rebo" (worn) {rElec Slay+3 Stlth-}
   (You acquired it on level 6 of the Dungeon)

   Slay:      It affects your accuracy & damage with ranged weapons and melee
   (+3).
   rElec:     It insulates you from electricity.
   Stlth:     It makes you less stealthy.
 H - a +0 troll leather armour (worn)
 U - the +1 robe of Compassion {rElec rC+ Str+2 Int-5}
   (Okawaru gifted it to you on level 6 of the Lair of Beasts)

   Str:       It affects your strength (+2).
   Int:       It affects your intelligence (-5).
   rC:        It protects you from cold.
   rElec:     It insulates you from electricity.
Jewellery
 b - an amulet of guardian spirit
 q - a ring of protection from cold (right hand)
 s - a ring of poison resistance (left hand)
 v - a +4 ring of protection
 G - a ring of see invisible
 M - the amulet "Suresm" (around neck) {Rampage Regen+}
   (You found it on level 9 of the Dungeon)

   [amulet of regeneration]

   Regen:     It increases your rate of health regeneration.
   Rampage:   It bestows one free step when moving towards enemies.
 T - an amulet of magic regeneration
Wands
 c - a wand of flame (20)
 h - a wand of paralysis (14)
 I - a wand of iceblast (20)
 S - a wand of polymorph (8)
Scrolls
 a - 3 scrolls of identify
 l - 3 scrolls of amnesia
 m - 6 scrolls of magic mapping
 r - 3 scrolls of enchant weapon
 t - 5 scrolls of immolation
 y - 2 scrolls of teleportation
 A - 3 scrolls of enchant armour
 D - 2 scrolls of silence
 F - a scroll of fear
 J - 2 scrolls of summoning
 L - 4 scrolls of fog
Potions
 f - 2 potions of curing
 j - a potion of invisibility
 k - 5 potions of haste
 n - 4 potions of attraction
 p - 5 potions of flight
 u - 4 potions of ambrosia
 w - 2 potions of mutation
 x - 5 potions of heal wounds
 B - a potion of resistance
 C - 3 potions of magic
 E - 2 potions of berserk rage
 N - a potion of degeneration
 O - 2 potions of cancellation
 P - a potion of brilliance
 R - a potion of might


   Skills:
 + Level 20.6 Fighting
 * Level 20.6 Maces & Flails
 - Level 2.0 Throwing
 - Level 2.0 Armour
 - Level 2.6 Dodging
 + Level 3.3 Invocations


You had 15 spell levels left.
You didn't know any spells.
Your spell library contained the following spells:

 Spells                   Type           Power      Damage    Failure   Level
 Beastly Appendage        Tmut           0%         N/A       41%         1
 Magic Dart               Conj           0%         1d3       41%         1
 Corpse Rot               Necr/Air       0%         N/A       56%         2
 Poisonous Vapours        Pois/Air       0%         N/A       56%         2
 Searing Ray              Conj           0%         2d4       56%         2
 Wereblood                Tmut           0%         N/A       56%         2
 Frozen Ramparts          Ice            0%         1d2       80%         3
 Spider Form              Tmut/Pois      0%         N/A       80%         3
 Airstrike                Air            0%         N/A       99%         4
 Cause Fear               Hex            0%         N/A       99%         4
 Fulminant Prism          Conj/Hex       0%         3d6       99%         4
 Ice Form                 Ice/Tmut       0%         N/A       99%         4
 Passage of Golubria      Tloc           0%         N/A       99%         4
 Lightning Bolt           Conj/Air       0%         1d11      100%        5
 Silence                  Hex/Air        0%         N/A       100%        5
 Dragon Form              Tmut           0%         N/A       100%        7
 Storm Form               Tmut/Air       0%         N/A       100%        7
 Lehudib's Crystal Spear  Conj/Erth      0%         10d2      100%        8
 Maxwell's Capacitive Co  Air            0%         ∞         100%        8
 Summon Ice Beast         Ice/Summ       Unusable   N/A       N/A         4
 Summon Lightning Spire   Summ/Air       Unusable   N/A       N/A         4
 Dragon's Call            Summ           Unusable   N/A       N/A         9

Dungeon Overview and Level Annotations

Branches:
Dungeon (14/15)            Temple (1/1) D:6            Lair (6/6) D:10
 Shoals (0/4) Lair:2        Snake (0/4) Lair:3        Slime (0/5) Lair:6
    Orc (2/2) D:11            Elf (0/3) Orc:2        Vaults (0/5) D:14
Ossuary (visited)

Altars:
Ashenzari
Cheibriados
Dithmenos
Elyvilon
Fedhas
Gozag
Hepliaklqana
Kikubaaqudgha
Makhleb
Nemelex Xobeh
Okawaru
Qazlal
Ru
Sif Muna
Trog
Uskayaw
Vehumet
Wu Jian
Xom
Yredelemnul
Zin
The Shining One
Beogh
Jiyva

Shops:
D:7 [   D:9 [   D:12 (   Orc:2 [?:=*

Annotations:
D:6 4 runed translucent doors
Lair:2 exclusion: oklob plant


Innate Abilities, Weirdness & Mutations

You are too large for most types of armour.
You have tough skin. (AC +1)


Message History

* * * LOW HITPOINT WARNING * * *
The six-headed hydra bites you!
* * * LOW HITPOINT WARNING * * *
The six-headed hydra closely misses you.
The centaur warrior hits you but does no damage.
The centaur warrior kicks you.
* * * LOW HITPOINT WARNING * * *
You thrash the six-headed hydra!!
The six-headed hydra is severely wounded.
Unknown command.
You barely miss the six-headed hydra.
The six-headed hydra is severely wounded.
The six-headed hydra completely misses you.
The six-headed hydra bites you!
* * * LOW HITPOINT WARNING * * *
The six-headed hydra closely misses you.
The six-headed hydra completely misses you.
The six-headed hydra bites you!
* * * LOW HITPOINT WARNING * * *
The six-headed hydra bites you.
* * * LOW HITPOINT WARNING * * *
The centaur warrior hits you but does no damage.
The centaur warrior kicks you but does no damage.
Unknown command.
You barely miss the six-headed hydra.
The six-headed hydra is severely wounded.
Unknown command.
Unknown command.
You whack the six-headed hydra!
The six-headed hydra is almost dead.
The six-headed hydra bites you!
* * * LOW HITPOINT WARNING * * *
The six-headed hydra bites you!
* * * LOW HITPOINT WARNING * * *
The six-headed hydra bites you.
* * * LOW HITPOINT WARNING * * *
The six-headed hydra bites you.
* * * LOW HITPOINT WARNING * * *
The six-headed hydra barely misses you. The six-headed hydra bites you!
You die...

...................##
#.....#.............#
##...###............#
#....#.............#
##..................#
#............(......#
....................#
....................#
................@.(.#
...............Dc...#
....................#
....................#
....................#
....................#
...........#
..#........#


You could see a six-headed hydra and a centaur warrior (extremely poisoned,
slow).

Vanquished Creatures
  Saint Roka (Orc:2)
  A dire elephant (Lair:6)
  The ghost of hitsuchi the Genius of the Arcane, a journeyman DsFE of Sif Muna (Lair:4)
  Erolcha (Orc:2)
  Harold (D:9)
  5 hydras
  2 ogre magi (Orc:2)
  2 catoblepae
  Erica (D:9)
  A death knight (D:12)
  3 boulder beetles
  2 centaur warriors
  6 two-headed ogres
  7 death yaks
  An orc high priest (Orc:1)
  A skeletal warrior (D:13)
  A wizard (D:14)
  An orc knight (Orc:2)
  Pikel (D:8)
  3 deep elf pyromancers
  3 cyclopes
  8 orc sorcerers (Orc:2)
  8 ugly things
  3 elephants (Lair:6)
  2 manticores
  Maurice (D:9)
  A torpor snail (Lair:3)
  A gargoyle (D:13)
  20 cane toads
  9 black mambas
  Psyche (D:9)
  An unseen horror (D:12)
  6 rime drakes
  A komodo dragon (shapeshifter) (D:14)
  10 komodo dragons
  2 freezing wraiths
  9 polar bears (Lair:6)
  5 trolls
  A wind drake (Lair:2)
  A hornet (D:7)
  6 dream sheep (Lair:6)
  6 slime creatures
  9 blink frogs
  3 meliai zombies
  A slime creature (shapeshifter) (D:14)
  A wyvern (D:9)
  6 spriggans (Lair:3)
  2 vampires
  37 yaks
  2 wraiths (D:12)
  Grum (D:9)
  6 basilisks
  6 vampire mosquitoes
  A steam dragon (D:9)
  A warg (shapeshifter) (D:14)
  7 wargs
  17 hell hounds (Lair:6)
  20 water moccasins
  11 orc warriors
  3 sky beasts
  An ice beast (D:7)
  14 black bears
  6 ogres
  28 wolves
  7 centaurs
  A phantom (D:5)
  12 bullfrogs
  Blork the orc (D:6)
  4 kobold brigands
  A gnoll sergeant (D:8)
  8 scorpions
  30 killer bees
  3 wights (D:6)
  8 howler monkeys
  6 centaur zombies
  5 jellies
  2 bullfrog skeletons (D:6)
  12 orc priests
  A centaur skeleton (D:5)
  6 iguanas
  5 scorpion zombies
  30 orc wizards
  A hound skeleton (D:4)
  3 mummies (Ossuary)
  A howler monkey zombie (D:9)
  4 gnolls (D:8)
  4 adders
  2 shadow imps
  2 white imps
  2 ufetubi
  An adder zombie (D:5)
  3 worms (D:2)
  3 dart slugs
  47 orcs
  4 endoplasms
  3 giant cockroaches
  A gnoll zombie (Ossuary)
  4 goblins
  4 hobgoblins
  2 jackals (D:1)
  2 quokkas (D:2)
  4 ball pythons
  7 bats
  7 frilled lizards
  3 goblin zombies (Ossuary)
  2 hobgoblin zombies (Ossuary)
  17 kobolds
  3 kobold zombies (Ossuary)
  4 orc zombies (Ossuary)
  6 rats
618 creatures vanquished.

Vanquished Creatures (others)
  An orc wizard (Orc:2)
  27 fungi
  42 plants
70 creatures vanquished.

Grand Total: 688 creatures vanquished

Notes
Turn   | Place    | Note
-------+----------+-------------------------------------------
     0 | D:1      | Infinimo the Ogre Gladiator began the quest for the Orb.
     0 | D:1      | Reached XP level 1. HP: 22/22 MP: 1/1
   199 | D:1      | Reached XP level 2. HP: 31/31 MP: 2/2
   504 | D:1      | Identified a scroll of acquirement
   504 | D:1      | Acquired the +2 hat of the Other World {rElec Dex+2}
   863 | D:2      | Reached XP level 3. HP: 37/37 MP: 3/3
  1207 | D:2      | Reached XP level 4. HP: 48/48 MP: 4/4
  1749 | D:3      | Found a faded altar of an unknown god.
  2446 | D:4      | Found the +1 Delatra's gloves {ID++}
  2544 | D:4      | Reached XP level 5. HP: 44/55 MP: 5/5
  2982 | D:5      | Entered Level 5 of the Dungeon
  3113 | D:5      | Reached skill level 5 in Fighting
  3113 | D:5      | Reached skill level 5 in Maces & Flails
  3113 | D:5      | Reached XP level 6. HP: 66/66 MP: 6/6
  3135 | D:5      | Found a sand-covered staircase.
  3144 | Ossuary  | Entered an ossuary
  3784 | Ossuary  | Reached XP level 7. HP: 73/74 MP: 7/7
  4443 | Ossuary  | Reached XP level 8. HP: 51/87 MP: 8/8
  5324 | D:5      | Found a hazy altar of Hepliaklqana.
  5805 | D:5      | Found a broken altar of Ashenzari.
  5805 | D:5      | Found a bloodstained altar of Trog.
  5907 | D:6      | Found a staircase to the Ecumenical Temple.
  5973 | Temple   | Entered the Ecumenical Temple
  6197 | Temple   | Became a worshipper of Warmaster Okawaru
  6276 | D:6      | Found a large runed translucent door.
  6276 | D:6      | Found a large runed translucent door.
  6280 | D:6      | Found a large runed translucent door.
  6280 | D:6      | Found a large runed translucent door.
  6281 | D:6      | Noticed a manticore
  6599 | D:6      | Noticed a cyclops
  6617 | D:6      | Killed a cyclops
  6617 | D:6      | Reached * piety under Okawaru
  6618 | D:6      | Reached XP level 9. HP: 78/98 MP: 9/9
  6842 | D:6      | Noticed Blork the orc
  6850 | D:6      | Killed Blork the orc
  7026 | D:6      | Found a radiant altar of Vehumet.
  7479 | D:6      | Acquired the +1 hat "Rebo" {rElec Slay+3 Stlth-}
  7584 | D:6      | Reached ** piety under Okawaru
  7989 | D:6      | Reached skill level 10 in Fighting
  7989 | D:6      | Reached skill level 10 in Maces & Flails
  8371 | D:7      | Noticed a hornet
  8389 | D:7      | Killed a hornet
  8527 | D:7      | Found Ukhyose's Armour Shoppe.
  8623 | D:7      | Reached *** piety under Okawaru
  8772 | D:7      | Found a basalt altar of Yredelemnul.
  8772 | D:7      | Found an ornate altar of the Wu Jian Council.
  8815 | D:7      | Found a sparkling altar of Nemelex Xobeh.
  8914 | D:7      | Reached XP level 10. HP: 111/111 MP: 10/10
  9018 | D:8      | Found a blossoming altar of Fedhas.
  9053 | D:8      | Noticed Pikel
  9070 | D:8      | Killed Pikel
 10310 | D:8      | Reached **** piety under Okawaru
 11099 | D:8      | Received a gift from Okawaru
 11489 | D:8      | Found a glowing golden altar of the Shining One.
 12130 | D:9      | Noticed Maurice
 12141 | D:9      | Paralysed by Maurice for 6 turns
 12348 | D:9      | Killed Maurice
 12518 | D:9      | Noticed Psyche
 12682 | D:9      | Killed Psyche
 12746 | D:9      | Noticed a two-headed ogre
 12872 | D:9      | Killed a two-headed ogre
 12873 | D:9      | Reached XP level 11. HP: 56/124 MP: 11/11
 13175 | D:9      | Noticed Grum
 13180 | D:9      | Noticed Erica
 13667 | D:9      | Killed Grum
 13822 | D:9      | Killed Erica
 13822 | D:9      | Reached ***** piety under Okawaru
 14251 | D:9      | Found Caqiuc's Antique Armour Shoppe.
 14296 | D:9      | Found a viscous altar of Jiyva.
 14976 | D:9      | Identified the amulet "Suresm" {Rampage Regen+}
 15178 | D:9      | Noticed Harold
 15405 | D:9      | Killed Harold
 15644 | D:10     | Entered Level 10 of the Dungeon
 16233 | D:10     | Found a staircase to the Lair.
 16398 | D:10     | Received a gift from Okawaru
 16946 | Lair:1   | Entered Level 1 of the Lair of Beasts
 17107 | Lair:1   | Identified the +0 kite shield of Itummono {rC+ Str-2 Dex+6
                  | SInv} (Okawaru gifted it to you on level 1 of the Lair of
                  | Beasts)
 17107 | Lair:1   | Received a gift from Okawaru
 17147 | Lair:1   | Noticed a death yak
 17163 | Lair:1   | Noticed a death yak
 17175 | Lair:1   | Noticed a death yak
 17186 | Lair:1   | Noticed a death yak
 17261 | D:10     | Killed a death yak
 17429 | D:10     | Killed a death yak
 17430 | D:10     | Reached XP level 12. HP: 90/139 MP: 12/12
 17560 | D:10     | Killed a death yak
 17736 | D:10     | Killed a death yak
 18099 | Lair:1   | Reached skill level 15 in Maces & Flails
 18136 | Lair:1   | Noticed a six-headed hydra
 18164 | Lair:1   | Killed a six-headed hydra
 18165 | Lair:1   | Reached skill level 15 in Fighting
 18861 | Lair:2   | Identified the +5 demon trident "Ravov" {drain, rN+}
                  | (Okawaru gifted it to you on level 2 of the Lair of Beasts)
 18861 | Lair:2   | Received a gift from Okawaru
 18905 | Lair:2   | Found a staircase to the Shoals.
 19409 | Lair:2   | Reached ****** piety under Okawaru
 19454 | Lair:2   | Acquired the +8 whip "Snakebite" {venom, curare, rPois}
 19454 | Lair:2   | Found the +8 whip "Snakebite" {venom, curare, rPois}
 19599 | Lair:2   | Reached XP level 13. HP: 141/152 MP: 13/13
 20192 | Lair:3   | Found a staircase to the Snake Pit.
 20292 | Lair:3   | Received a gift from Okawaru
 21047 | Lair:4   | Noticed hitsuchi's ghost (journeyman DsFE)
 21048 | Lair:4   | Found a runed translucent door.
 21831 | Lair:4   | Killed hitsuchi's ghost
 22265 | Lair:5   | Received a gift from Okawaru
 22554 | Lair:5   | Received a gift from Okawaru
 22751 | Lair:6   | Entered Level 6 of the Lair of Beasts
 22870 | Lair:6   | Found a staircase to the Slime Pits.
 22894 | Lair:6   | Received a gift from Okawaru
 22900 | Lair:6   | Reached XP level 14. HP: 139/167 MP: 14/14
 23396 | Lair:6   | Received a gift from Okawaru
 23548 | Lair:6   | Identified the +1 robe of Compassion {rElec rC+ Str+2
                  | Int-5} (Okawaru gifted it to you on level 6 of the Lair of
                  | Beasts)
 23548 | Lair:6   | Received a gift from Okawaru
 24167 | Lair:6   | Identified the +0 pair of gloves of Vupaohirru {Str+2}
 24182 | Lair:6   | Noticed a dire elephant
 24215 | Lair:6   | Killed a dire elephant
 24983 | D:10     | Received a gift from Okawaru
 25174 | D:11     | Found a staircase to the Orcish Mines.
 25879 | D:12     | Found Deajuoh's Antique Weapon Emporium.
 25881 | D:12     | Found an ornate altar of the Wu Jian Council.
 26215 | D:13     | Reached XP level 15. HP: 164/180 MP: 15/15
 26818 | D:13     | Found a glowing golden altar of the Shining One.
 27266 | D:13     | Identified the +0 kite shield of Vlad {Will+ Str+3}
                  | (Okawaru gifted it to you on level 13 of the Dungeon)
 27266 | D:13     | Received a gift from Okawaru
 27443 | Orc:1    | Entered Level 1 of the Orcish Mines
 27655 | Orc:2    | Entered Level 2 of the Orcish Mines
 27655 | Orc:2    | Found a staircase to the Elven Halls.
 27740 | Orc:2    | Found Rarph's Assorted Antiques.
 27748 | Orc:2    | Bought a scroll of enchant weapon for 217 gold pieces
 27748 | Orc:2    | Bought a scroll of teleportation for 87 gold pieces
 28191 | Orc:2    | Noticed Saint Roka
 28246 | Orc:2    | HP: 10/274 [Saint Roka/+3 great sword (35)]
 28249 | Orc:2    | Killed Saint Roka
 28336 | Orc:2    | Reached XP level 16. HP: 193/193 MP: 16/16
 28384 | Orc:2    | Found Nuopuog's Book Shoppe.
 28404 | Orc:2    | Found a radiant altar of Vehumet.
 28404 | Orc:2    | Noticed Erolcha
 28455 | Orc:2    | Found Rorib's Jewellery Emporium.
 28476 | Orc:2    | Found an ancient bone altar of Kikubaaqudgha.
 28503 | Orc:2    | Paralysed by an orc sorcerer for 6 turns
 28544 | Orc:2    | Killed Erolcha
 28583 | Orc:2    | Paralysed by an ogre mage for 6 turns
 28645 | Orc:2    | Found Xevik's Magic Scroll Shoppe.
 28657 | Orc:2    | Found Vurhapp's Antique Armour Emporium.
 28674 | Orc:2    | Bought a scroll of acquirement for 936 gold pieces
 28675 | Orc:2    | Acquired a manual of Invocations
 29138 | D:14     | Found a bloodstained altar of Trog.
 29193 | D:13     | Reached skill level 1 in Invocations
 29436 | D:14     | Found a gate to the Vaults.
 29801 | D:14     | HP: 7/195 [six-headed hydra (6)]
 29801 | D:14     | Mangled by a six-headed hydra

Illustrated notes

Levels and vault maps discovered:
D:1:      dpeg_arrival_court, layout_basic
D:2:      layout_rooms
D:3:      layout_loops_cross, shapermc_ecumenical_altar_starsandcircs,
          minmay_statues_item
D:4:      layout_loops_ring
D:5:      layout_layer_cave, lemuel_crystal_altar,
          gammafunk_temple_overflow_statue, nicolae_ossuary_entry_monument,
          eino_curves_02
D:6:      layout_loops_ring, lemuel_coloured_pillars_altar,
          minmay_temple_entry_mini_moons, nrook_uturn,
          minmay_hollow_rounded_squares, uniq_blork_the_orc
D:7:      layout_cave_pools, gammafunk_temple_overflow_claw, serial_shops,
          nicolae_shop_advertising_works [nicolae_subvault_shop_adworks]
D:8:      layout_loops_cross, fedhas_bush_and_centaur_altar,
          mainiacjoe_overflow_paths, enter_bailey_2, minmay_chambers_of_fives,
          uniq_pikel
D:9:      layout_irregular_city, serial_shops, nicolae_shop_trees,
          serial_rivers, chequers_serial_rivers_large_b,
          chequers_serial_rivers_small_b, chequers_serial_rivers_room_a,
          chequers_serial_rivers_large_a, jiyva_altar_1, uniq_grum, uniq_erica,
          uniq_harold, uniq_psyche, uniq_maurice
D:10:     layout_irregular_city, grunt_lair_entry_orc_guard_hut
D:11:     layout_rooms, erik_orc_4, minmay_misc_feat_five, minmay_misc_feat_x
D:12:     layout_rooms, serial_shops, nicolae_diamond_shop,
          pdpol_wu_jian_five_deadly_venoms
D:13:     layout_long_grid, drop_trap, tso_oasis_becter
D:14:     layout_big_octagon, david_vaults_2, bloody_trog
Temple:   nicolae_temple_figure_eight
Lair:1:   layout_gridlike, st_stairs_10
Lair:2:   layout_roguey, minmay_shoals_entry_beasts, lemuel_fruit_tree
Lair:3:   layout_cave_shapes, minmay_snake_entry_six_corridors, wad_woods_01
Lair:4:   layout_hall_layers, hellmonk_ghost_happy_afterlife,
          lemuel_fruit_fields
Lair:5:   layout_misc_corridors
Lair:6:   hangedman_lair_caniforms_friends, layout_regular_city, slime_dummy,
          infiniplex_staircase_pool_2
Orc:1:    layout_caves, basic_altar
Orc:2:    kennysheep_orc_mage_school, layout_diamond_mine, serial_shops, shop,
          uniq_saint_roka

Skill      XL: |  1  2  3  4  5  6  7  8  9 10 11 12 13 14 15 16 |
---------------+-------------------------------------------------+-----
Fighting       | 3 4 5 7 9 10 12 14 16 17 19 20 | 20.6
Maces & Flails | 3 4 5 7 9 10 12 14 16 17 19 20 | 20.6
Armour         | 2 |  2.0
Invocations    | 3 |  3.3
Throwing       | |  2.0
Dodging        | |  2.6

Action                   |  1- 3 |  4- 6 |  7- 9 | 10-12 | 13-15 | 16-18 || total
-------------------------+-------+-------+-------+-------+-------+-------++-------
Melee: Flail             |    64 |    65 |   187 |    12 |       |       ||   328
       Punch             |     1 |       |     4 |    18 |    22 |     6 ||    51
       Whip              |       |       |       |   955 |  1262 |   181 ||  2398
       Hunting sling     |       |       |       |     1 |       |       ||     1
 Fire: Hunting sling     |    68 |   105 |   155 |   141 |       |       ||   469
Evoke: Wand              |       |       |       |     5 |       |       ||     5
  Use: Scroll            |     1 |     9 |    11 |     5 |    10 |     5 ||    41
       Potion            |       |       |     3 |     4 |     4 |       ||    11
 Stab: Invisible         |       |       |     2 |       |       |       ||     2
Armor: Robe              |    30 |    29 |    76 |    50 |       |       ||   185
       Troll leather arm |       |       |       |    95 |   193 |    23 ||   311
Dodge: Dodged            |    61 |    59 |   131 |   262 |   391 |    48 ||   952
